 Dungeon Crawl Stone Soup version 0.18-a0-1774-gce1f7b6 (webtiles) character file.

428 Chiseanne the Skirmisher (level 6, 0/51 HPs)
             Began as a Demonspawn Monk on Apr 15, 2016.
             Killed by divine providence
             ... invoked by an orc priest
              (12 damage)
             ... on level 4 of the Dungeon.
             The game lasted 00:06:23 (3744 turns).

Chiseanne the Skirmisher (Demonspawn Monk)          Turns: 3744, Time: 00:06:24

Health: 0/51       AC:  9    Str: 24    XL:     6   Next: 65%
Magic:  6/6        EV: 13    Int: 11    God:
Gold:   120        SH:  0    Dex: 16    Spells: 0 memorised, 5 levels left

rFire  . . .     SeeInvis .       - Unarmed
rCold  . . .     Gourm    .     c - +1 ring mail
rNeg   . . .     Faith    .     (no shield)
rPois  .         Spirit   .     (helmet restricted)
rElec  .         Dismiss  .     m - +0 cloak (curse)
rCorr  .         Reflect  .     (no gloves)
SustAt .         Harm     .     (no boots)
MR     .....                    (no amulet)
Stlth  +.........               (no ring)
                                f - +6 ring of strength

@: mighty, not resistant to hostile enchantments, very unstealthy
A: horns 2, thin metallic scales 1
a: no special abilities


You were on level 4 of the Dungeon.
You were not hungry.

You visited 2 branches of the dungeon, and saw 5 of its levels.

You collected 120 gold pieces.

Inventory:

Missiles
 e - 20 arrows of flame
 g - 28 arrows
 k - 14 bolts of frost
 r - 9 arrows of dispersal
 s - 4 needles of confusion
Armour
 c - a +1 ring mail (worn)
 m - a cursed +0 cloak (worn)
Jewellery
 f - a +6 ring of strength (left hand)
 l - an uncursed ring of protection from fire {unknown}
 n - an uncursed ring of ice
Scrolls
 i - 2 scrolls of teleportation
 t - 2 scrolls of amnesia
Potions
 d - a potion of heal wounds {unknown}
 h - a potion of flight {unknown}
 j - a potion of berserk rage {unknown}
 p - a potion of haste {unknown}
 q - a potion of cure mutation {unknown}
 u - a potion of brilliance {unknown}
Comestibles
 b - 3 bread rations
 o - a beef jerky
 v - a meat ration


   Skills:
 * Level 5.1 Fighting
 * Level 3.3 Armour
 * Level 4.4 Dodging
 - Level 1.7 Stealth
 - Level 3.6 Unarmed Combat


You had 5 spell levels left.
You didn't know any spells.

Dungeon Overview and Level Annotations

Branches:
Dungeon (4/15)             Temple (1/1) D:4

Altars:
Ashenzari
Cheibriados
Fedhas
Makhleb
Nemelex Xobeh
Okawaru
Pakellas
Qazlal
Ru
Sif Muna
Trog
Vehumet
Yredelemnul
Zin


Innate Abilities, Weirdness & Mutations

You have a pair of horns on your head.
You are partially covered in thin metallic scales (AC +2).


Message History

You are too injured to fight recklessly!
You are too injured to fight recklessly!
You are too injured to fight recklessly!
You are too injured to fight recklessly!
You are too injured to fight recklessly!
You are too injured to fight recklessly!
You are too injured to fight recklessly!
You are too injured to fight recklessly!
You are too injured to fight recklessly!
You are too injured to fight recklessly!
Drink which item? (? for menu, Esc to quit)
It was a potion of might.
You feel very mighty all of a sudden. Something hits you but does no damage.
You punch something!
Reactivating autopickup.
You feel a bit more experienced.
The orc priest invokes the aid of Beogh against you.
Beogh smites you!
You die...

####### #....#
## ####.# #
#.# #
#######.######
#.............
#.#####.#####.
#.# #.# ##.
...#.######.#
#.# ...
#..o.o@....#
#.# ##.
###o########
#.##.##[
#.......
####.##. # ##


You could see an orc priest, an orc wizard and an orc.

Vanquished Creatures
  A centaur (D:4)
  A scorpion (D:4)
  2 hounds (D:4)
  An orc wizard (D:4)
  A worker ant (D:3)
  5 gnolls
  4 adders
  3 oozes
  A worm (D:2)
  2 dart slugs (D:2)
  An orc (D:4)
  10 bats
  7 giant cockroaches
  8 goblins
  9 hobgoblins
  10 jackals
  8 kobolds
  6 giant newts
  7 rats
87 creatures vanquished.

Notes
Turn   | Place    | Note
--------------------------------------------------------------
     0 | D:1      | Chiseanne the Demonspawn Monk began the quest for the Orb.
     0 | D:1      | Reached XP level 1. HP: 18/18 MP: 1/1
   212 | D:1      | Gained mutation: You are partially covered in thin metallic scales (AC +2). [demonic ancestry]
   212 | D:1      | Reached XP level 2. HP: 24/24 MP: 2/2
   631 | D:1      | Reached skill level 1 in Armour
   631 | D:1      | Reached XP level 3. HP: 17/29 MP: 3/3
  1123 | D:2      | Found a faded altar to an unknown god.
  1313 | D:2      | Gained mutation: You have a pair of small horns on your head. [demonic ancestry]
  1313 | D:2      | Reached XP level 4. HP: 8/37 MP: 4/4
  2192 | D:3      | Reached skill level 4 in Fighting
  2363 | D:3      | Gained mutation: You have a pair of horns on your head. [demonic ancestry]
  2363 | D:3      | Reached XP level 5. HP: 29/42 MP: 5/5
  3242 | D:4      | Reached XP level 6. HP: 45/50 MP: 6/6
  3247 | D:4      | Found a staircase to the Ecumenical Temple.
  3269 | D:4      | Reached skill level 5 in Fighting
  3280 | Temple   | Entered the Ecumenical Temple
  3744 | D:4      | Killed from afar by an orc priest

Vault maps used:
D:1:      dpeg_arrival_windows_large_door
D:2:      ecumenical_altar_1, st_stairs_12
D:4:      kennysheep_mini, minmay_temple_entry_large_hall, first_bread,
          uniq_robin
Temple:   minmay_temple_curvy_14

Skill      XL: |  1  2  3  4  5  6 |
---------------+-------------------+-----
Dodging        | 3 4 |  4.4
Armour         | 1 2 3 |  3.3
Fighting       | 4 5 |  5.1
Stealth        | |  1.7
Unarmed Combat | |  3.6

Action                   |  1- 3 |  4- 6 || total
-------------------------+-------+-------++-------
Melee: Unarmed           |   181 |   205 ||   386
       Punch             |     1 |     3 ||     4
       Headbutt          |       |    42 ||    42
  Use: Scroll            |     2 |     9 ||    11
       Potion            |       |     1 ||     1
 Stab: Sleeping          |     2 |     3 ||     5
  Eat: Chunk             |     1 |     8 ||     9
Armor: Ring mail         |    84 |    75 ||   159
       Robe              |     1 |       ||     1
Dodge: Dodged            |   145 |   142 ||   287
